 Dungeon Crawl Stone Soup version 0.18-b1-10-g3f7de93 (webtiles) character file.

3415 Inkary the Ruffian (level 9, -6/89 HPs)
             Began as a Troll Fighter on Apr 29, 2016.
             Was a Follower of Yredelemnul.
             Killed from afar by a sheep (27 damage)
             ... with an exploding inner flame
             ... hexed by the player character
             ... on level 7 of the Dungeon.
             The game lasted 00:26:09 (5619 turns).

Inkary the Ruffian (Troll Fighter)                  Turns: 5619, Time: 00:26:10

Health: -6/89      AC:  7    Str: 26    XL:     9   Next: 76%
Magic:  10/10      EV: 11    Int:  4    God:    Yredelemnul [*.....]
Gold:   115        SH: 10    Dex: 12    Spells: 0 memorised, 8 levels left

rFire  . . .     SeeInvis .       - Unarmed
rCold  . . .     Gourm    +     k - +2 robe {MR+}
rNeg   . . .     Faith    .     b - +0 shield
rPois  .         Spirit   .     (helmet restricted)
rElec  .         Dismiss  .     (no cloak)
rCorr  .         Reflect  .     (gloves unavailable)
SustAt .         Harm     .     (boots unavailable)
MR     +....                    s - amulet of rage
Stlth  +.........               (no ring)
                                (no ring)

@: somewhat resistant to hostile enchantments, very unstealthy
A: unfitting armour, claws 3, fast metabolism 3, gourmand, regeneration 2,
shaggy fur 1, tough skin 2
a: Animate Remains, Renounce Religion, Evoke Berserk Rage


You were on level 7 of the Dungeon.
You worshipped Yredelemnul.
Yredelemnul was aware of your devotion.
You were completely stuffed.

You visited 2 branches of the dungeon, and saw 8 of its levels.

You collected 285 gold pieces.
You spent 170 gold pieces at shops.

Inventory:

Armour
 b - a +0 shield (worn)
 k - a +2 robe of magic resistance (worn)
Magical Staves
 A - an uncursed staff of fire
Jewellery
 s - an amulet of rage (around neck)
Wands
 m - a wand of flame (24/48)
 u - a wand of polymorph (6/24)
 y - a wand of flame (18/48)
Scrolls
 e - a scroll of enchant weapon
 n - a scroll of fog
 q - 2 scrolls of identify
 x - 2 scrolls of vulnerability
 z - 2 scrolls of teleportation
 B - 2 scrolls of immolation
Potions
 c - 2 potions of might
 f - a potion of invisibility {unknown}
 i - 3 potions of flight
 j - a potion of magic {unknown}
 l - a potion of mutation {unknown}
 o - 4 potions of curing
 p - 2 potions of cure mutation {unknown}
 r - a potion of haste {unknown}
 v - a potion of agility {unknown}
 w - a potion of degeneration {unknown}
 C - a potion of heal wounds {unknown}
 D - a potion of resistance {unknown}
 E - a potion of ambrosia {unknown}
Comestibles
 a - 2 beef jerkies
 d - 8 bread rations
 g - 2 meat rations
 h - a chunk of flesh
 t - 3 royal jellies


   Skills:
 + Level 5.9 Fighting
 + Level 6.0 Dodging
 + Level 6.0 Shields
 + Level 6.6 Unarmed Combat
 + Level 3.7 Evocations


You had 8 spell levels left.
You didn't know any spells.

Dungeon Overview and Level Annotations

Branches:
Dungeon (7/15)             Temple (1/1) D:5

Altars:
Ashenzari
Cheibriados
Dithmenos
Fedhas
Gozag
Kikubaaqudgha
Makhleb
Nemelex Xobeh
Pakellas
Qazlal
Ru
Sif Muna
Trog
Vehumet
Xom
Yredelemnul
Zin
The Shining One

Shops:
D:6 *


Innate Abilities, Weirdness & Mutations

You are too large for most types of armour.
You have claws for hands.
Your metabolism is lightning-fast.
You like to eat raw meat.
You heal very quickly.
You are covered in fur (AC +1).
You have very tough skin (AC +2).


Message History

As you read the scroll of immolation, it crumbles to dust.
The creatures around you are filled with an inner flame!
The sheep bites you. You block the sheep's attack.
The sheep bites you but does no damage.
You mangle the sheep!!
The sheep explodes!
The fiery explosion engulfs you!
The fiery explosion engulfs the sheep.
The sheep explodes!
The fiery explosion engulfs the sheep.
The sheep explodes!
Yredelemnul accepts your kill.
Your Dodging skill increases to level 6!
The fiery explosion engulfs you!
* * * LOW HITPOINT WARNING * * *
Yredelemnul accepts your kill.
The fiery explosion engulfs the sheep.
The sheep explodes!
The fiery explosion engulfs you!
You die...
Your body rises from the dead as a mindless zombie.

......## ###.# ##...............
.......# #######................
.......# #..#%%#................
.......####..#.%#................
.......#..#..'..#.(..............
..........#..#§§##....#..........
.......##.#..#§§##..#####........
..........#####§##..# ###.#####
..............§§@...#######.#
#......######.§§§..<........#
...........#####§.<...#######
##########......%.†.......
##......%.....##.
#..........#.... #..........#####
############


There were no monsters in sight!

Vanquished Creatures
  Pikel (D:5)
  The ghost of SkaryMonk the Slicer, a novice OpAs of Dithmenos (D:6)
  Grinder (D:5)
  Eustachio (D:5)
  A human (D:7)
  Edmund (D:5)
  An orc warrior (D:7)
  A sky beast (D:5)
  3 phantoms
  2 slaves (D:5)
  3 ogres (D:4)
  Blork the orc (D:6)
  2 giant frogs (D:7)
  A wyvern zombie (D:6)
  2 howler monkeys
  3 crimson imps
  A giant frog zombie (D:6)
  A quasit (D:7)
  A centaur skeleton (D:5)
  2 hounds
  3 orc priests (D:7)
  A jelly (D:6)
  4 orc wizards (D:7)
  A gnoll shaman (D:4)
  3 worker ants
  2 killer bee zombies
  2 sheep (D:7)
  A hound zombie (D:5)
  A hound skeleton (D:6)
  6 gnolls
  A river rat (D:3)
  10 adders
  4 oozes
  2 dart slugs
  8 giant geckos
  22 orcs
  3 ball pythons
  8 giant cockroaches
  9 hobgoblins
  11 jackals
  5 kobolds
  A quokka (D:3)
  6 bats
  3 giant newts
  9 goblins
  3 quokka skeletons
  11 rats
170 creatures vanquished.

Vanquished Creatures (others)
  A giant newt (D:5)
1 creature vanquished.

Grand Total: 171 creatures vanquished

Notes
Turn   | Place    | Note
--------------------------------------------------------------
     0 | D:1      | Inkary the Troll Fighter began the quest for the Orb.
     0 | D:1      | Reached XP level 1. HP: 22/22 MP: 0/0
   211 | D:1      | Found a snail-covered altar of Cheibriados.
   268 | D:1      | Reached XP level 2. HP: 29/29 MP: 1/1
   781 | D:2      | Reached XP level 3. HP: 32/36 MP: 2/2
  1243 | D:2      | Reached XP level 4. HP: 33/44 MP: 3/3
  1456 | D:3      | Found a shattered altar of Ashenzari.
  1545 | D:3      | Found a shimmering altar of Xom.
  1619 | D:3      | Found a snail-covered altar of Cheibriados.
  2022 | D:3      | Reached XP level 5. HP: 53/53 MP: 4/4
  2061 | D:3      | Found a glowing drain.
  2164 | D:4      | Noticed a phantom
  2193 | D:4      | Killed a phantom
  2263 | D:4      | Noticed an ogre
  2284 | D:4      | Killed an ogre
  2284 | D:4      | Reached XP level 6. HP: 9/61 MP: 5/5
  3070 | D:4      | Reached XP level 7. HP: 57/68 MP: 6/6
  3133 | D:5      | Entered Level 5 of the Dungeon
  3362 | D:5      | Found a staircase to the Ecumenical Temple.
  3432 | Temple   | Entered the Ecumenical Temple
  3440 | Temple   | Became a worshipper of Yredelemnul the Dark
  3507 | D:5      | Noticed Pikel
  3519 | D:5      | Reached skill level 1 in Evocations
  3555 | D:5      | Killed Pikel
  3555 | D:5      | Reached skill level 5 in Unarmed Combat
  3555 | D:5      | Reached XP level 8. HP: 32/79 MP: 6/8
  3741 | D:5      | Noticed Edmund
  3752 | D:5      | Killed Edmund
  3808 | D:5      | Noticed Grinder
  3824 | D:5      | Killed Grinder
  3824 | D:5      | Reached skill level 5 in Shields
  3854 | D:5      | Reached skill level 5 in Fighting
  4022 | D:6      | Reached skill level 5 in Dodging
  4042 | D:5      | Noticed Eustachio
  4105 | D:5      | Killed Eustachio
  4383 | D:6      | Noticed SkaryMonk's ghost (novice OpAs)
  4396 | D:6      | Killed SkaryMonk's ghost
  4396 | D:6      | Reached XP level 9. HP: 88/88 MP: 10/10
  4732 | D:7      | Reached * piety under Yredelemnul
  5049 | D:6      | Noticed Blork the orc
  5051 | D:6      | Found Eddugaq's Assorted Antiques.
  5057 | D:6      | Killed Blork the orc
  5065 | D:6      | Bought a scroll labeled ITUZAS ETHRUA for 22 gold pieces
  5065 | D:6      | Bought a scroll labeled DECRIA USEKOZE for 22 gold pieces
  5065 | D:6      | Bought a pink potion for 19 gold pieces
  5065 | D:6      | Bought a murky black potion for 19 gold pieces
  5087 | D:6      | Bought 2 scrolls of identify for 88 gold pieces
  5619 | D:7      | Killed from afar by a sheep

Skill      XL: |  1  2  3  4  5  6  7  8  9 |
---------------+----------------------------+-----
Shields        | 3 4 5 6 |  6.0
Fighting       | 3 4 5 |  5.9
Dodging        | 3 4 5 6 |  6.0
Unarmed Combat | 3 4 5 6 |  6.6
Evocations     | 1 3 |  3.7

Action                   |  1- 3 |  4- 6 |  7- 9 || total
-------------------------+-------+-------+-------++-------
Melee: Unarmed           |    96 |   136 |   402 ||   634
  Use: Scroll            |       |     7 |    10 ||    17
       Potion            |       |       |     1 ||     1
  Eat: Chunk             |    11 |    22 |    25 ||    58
Armor: Robe              |    27 |    52 |   101 ||   180
       Skin              |       |       |     3 ||     3
Dodge: Dodged            |    28 |    33 |    86 ||   147
Block: Shield            |    44 |    56 |   198 ||   298
